 Dungeon Crawl Stone Soup version 0.21.1-1-g345015fe64 (webtiles) character file.

93 DildoBatman the Sneak (level 4, 0/35 HPs)
             Began as a Formicid Enchanter on Feb 20, 2018.
             Succumbed to a worker ant's poison
             ... on level 4 of the Dungeon.
             The game lasted 00:06:22 (3695 turns).

DildoBatman the Sneak (Formicid Enchanter)          Turns: 3695, Time: 00:06:22

Health: 0/35       AC:  5    Str: 14    XL:     4   Next: 92%
Magic:  7/7        EV: 11    Int: 14    God:
Gold:   115        SH:  0    Dex:  9    Spells: 6/7 levels left

rFire    . . .     SeeInvis +   a - +0 quarterstaff
rCold    + . .     Gourm    .   (no shield)
rNeg     . . .     Faith    .   n - +0 ring mail
rPois    .         Spirit   .   (helmet unavailable)
rElec    .         Reflect  .   (no cloak)
rCorr    .         Harm     .   (no gloves)
MR       .....                  (no boots)
Stlth    ++........             m - amulet of magic regeneration
HPRegen  0.11/turn              h - ring of protection from cold
MPRegen  0.35/turn              s - -2 ring of dexterity (curse)

@: lethally poisoned (0 -> -19), very slightly contaminated
A: permanent stasis, dig shafts and tunnels, four strong arms, antennae 3
a: Dig, Shaft Self


You were on level 4 of the Dungeon.
You were hungry.

You visited 1 branch of the dungeon, and saw 4 of its levels.

You collected 115 gold pieces.

Inventory:

Hand Weapons
 a - a +0 quarterstaff (weapon)
 b - a +1 dagger
 o - a +0 rapier
Armour
 n - a +0 ring mail (worn)
Jewellery
 h - a ring of protection from cold (left hand)
 m - an amulet of magic regeneration (around neck)
 s - a cursed -2 ring of dexterity (right hand)
Wands
 r - a wand of flame (33)
Scrolls
 g - 3 scrolls of identify {unknown}
 i - 2 scrolls of amnesia {unknown}
 j - 2 scrolls of remove curse {unknown}
 k - a scroll of enchant armour {unknown}
 l - 3 scrolls of teleportation {unknown}
 p - 2 scrolls of immolation {unknown}
 q - a scroll of fear {unknown}
 u - a scroll of blinking {unknown}
Potions
 d - a potion of invisibility {unknown}
 e - 3 potions of cancellation {unknown}
 f - 2 potions of flight {unknown}
 t - a potion of curing {unknown}
 w - a potion of berserk rage {unknown}
Books
 c - a book of Maledictions

   Spells                             Type                      Level
   a - Corona                         Hexes                        1
   b - Ensorcelled Hibernation        Hexes/Ice                    2
   c - Confuse                        Hexes                        3
   d - Tukima's Dance                 Hexes                        3
   e - Dazzling Spray                 Conjuration/Hexes            3
Comestibles
 v - 5 rations


   Skills:
 - Level 3.1 Fighting
 - Level 1.0 Short Blades
 * Level 2.3 Armour
 - Level 2.0 Dodging
 - Level 4.0 Stealth
 - Level 2.1 Spellcasting
 - Level 3.6 Hexes


You had 6 spell levels left.
You knew the following spells:

 Your Spells              Type           Power        Failure   Level  Hunger
a - Corona                Hex            ##.....      11%         1    #......


Dungeon Overview and Level Annotations

Branches:
Dungeon (4/15)
 Temple: D:4-7

Altars:

Annotations:
D:4 exclusion: ogre


Innate Abilities, Weirdness & Mutations

You cannot be hasted, slowed, berserked, paralysed or teleported.
You can dig through walls and to a lower floor.
Your four strong arms can wield two-handed weapons with a shield.
You have a pair of large antennae on your head. (SInv)


Message History

You barely miss the worker ant.
You feel sick. The worker ant barely misses you.
The worker ant bites you but does no damage.
You barely miss the worker ant.
You feel sick. The worker ant bites you!
You are more poisoned.
The worker ant poisons you! The worker ant bites you.
You hit the worker ant but do no damage.
You feel sick. The worker ant bites you.
You barely miss the worker ant.
You feel sick. The worker ant bites you. x2
You are more poisoned.
The worker ant poisons you!
You barely miss the worker ant.
You die...

#### ..# #.#
#.#####.##
#....a@..#
#..####..#######(#
.................
..###.#..#######.
#.#..# .###[...#
......(#.#
.####....# #
#.#..# .#


You could see a worker ant.

Vanquished Creatures
  5 adders
  2 worms
  A dart slug (D:2)
  2 leopard geckos
  A ball python (D:1)
  2 bats (D:2)
  2 giant cockroaches
  3 goblins
  3 hobgoblins
  3 jackals (D:1)
  4 kobolds
  A quokka (D:2)
  3 frilled lizards
  7 rats
39 creatures vanquished.

Notes
Turn   | Place    | Note
-------+----------+-------------------------------------------
     0 | D:1      | DildoBatman the Formicid Enchanter began the quest for the Orb.
     0 | D:1      | Reached XP level 1. HP: 13/13 MP: 3/3
   290 | D:1      | Reached skill level 1 in Fighting
   392 | D:1      | Reached XP level 2. HP: 6/21 MP: 1/5
  1026 | D:2      | Reached XP level 3. HP: 17/28 MP: 4/6
  1640 | D:2      | Reached XP level 4. HP: 11/35 MP: 5/7
  1967 | D:2      | Reached skill level 4 in Stealth
  1971 | D:2      | Reached skill level 1 in Armour
  2236 | D:2      | Found a faded altar of an unknown god.
  3539 | D:4      | Noticed an ogre
  3695 | D:4      | Succumbed to a worker ant's poison

Skill      XL: |  1  2  3  4 |
---------------+-------------+-----
Fighting       | 1 2 3 |  3.1
Dodging        | 2 |  2.0
Stealth        | 4 |  4.0
Armour         | 2 |  2.3
Short Blades   | |  1.0
Spellcasting   | |  2.1
Hexes          | |  3.6

Action                   |  1- 3 |  4- 6 || total
-------------------------+-------+-------++-------
Melee: Dagger            |    74 |       ||    74
       Quarterstaff      |    12 |    69 ||    81
 Cast: Corona            |    19 |    22 ||    41
 Abil: Dig               |     1 |       ||     1
 Stab: Sleeping          |     1 |     1 ||     2
  Eat: Chunk             |     2 |     7 ||     9
Armor: Robe              |    14 |     3 ||    17
       Ring mail         |       |    15 ||    15
Dodge: Dodged            |    65 |    43 ||   108
